 Dungeon Crawl Stone Soup version 0.27-a0-553-ge0ab5a2769 (webtiles) character file.

Game seed: 3127299676756548918

939 ReteAZ the Ruffian (level 7, -6/53 HPs)
             Began as a Demonspawn Gladiator on Mar 8, 2021.
             Mangled by an ogre
             ... wielding a +0 giant club
              (11 damage)
             ... on level 6 of the Dungeon.
             The game lasted 00:07:13 (7593 turns).

ReteAZ the Ruffian (Demonspawn Gladiator)           Turns: 7593, Time: 00:07:13

Health: -6/53      AC: 14    Str: 15    XL:     7   Next: 87%
Magic:  7/7        EV:  7    Int: 11    God:
Gold:   349        SH:  5    Dex: 14    Spells: 6/6 levels left

rFire    . . .     SeeInvis .     - Unarmed
rCold    + . .     Faith    .   m - +0 buckler
rNeg     . . .     Spirit   .   v - +1 chain mail {rC+}
rPois    .         Reflect  .   (helmet restricted)
rElec    .         Harm     .   B - +1 cloak
rCorr    .         Rampage  .   (no gloves)
Will     .....                  (no boots)
Stlth    ..........             C - amulet of regeneration
HPRegen  1.17/turn              (no ring)
MPRegen  0.10/turn              (no ring)

@: no status effects
A: antennae 2, rugged brown scales 3
a: no special abilities


You were on level 6 of the Dungeon.
You visited 2 branches of the dungeon, and saw 7 of its levels.

You collected 349 gold pieces.

Inventory:

Hand Weapons
 t - a +0 whip of flaming
Missiles
 c - a throwing net (quivered)
 n - 4 silver boomerangs
 w - 6 javelins
Armour
 a - a +0 leather armour
 b - a +0 helmet
 e - a +0 scale mail
 m - a +0 buckler (worn)
 v - a +1 chain mail of cold resistance (worn)
 B - a +1 cloak (worn)
Jewellery
 A - an amulet of reflection
 C - an amulet of regeneration (around neck)
Wands
 u - a wand of flame (4)
 z - a wand of polymorph (9)
 G - a wand of iceblast (6)
Scrolls
 d - 9 scrolls of identify {unknown}
 j - a scroll of fear {unknown}
 k - 2 scrolls of teleportation {unknown}
 l - 2 scrolls of blinking {unknown}
 q - 3 scrolls of noise {unknown}
 r - 3 scrolls of amnesia {unknown}
 s - 3 scrolls of immolation {unknown}
 x - a scroll of magic mapping {unknown}
 y - a scroll of random uselessness {unknown}
Potions
 f - 3 potions of brilliance
 g - a potion of curing
 h - a potion of magic {unknown}
 i - a potion of flight {unknown}
 o - a potion of experience {unknown}
 p - 3 potions of resistance {unknown}
 D - a potion of invisibility {unknown}
 E - a potion of heal wounds {unknown}
 F - a potion of might {unknown}


   Skills:
 - Level 2.0 Fighting
 - Level 1.7 Throwing
 - Level 2.6 Dodging
 - Level 4.0 Shields
 + Level 7.6 Unarmed Combat


You had 6 spell levels left.
You didn't know any spells.
Your spell library was empty.

Dungeon Overview and Level Annotations

Branches:
Dungeon (6/15)             Temple (1/1) D:6

Altars:
Cheibriados
Elyvilon
Fedhas
Gozag
Hepliaklqana
Kikubaaqudgha
Makhleb
Nemelex Xobeh
Okawaru
Qazlal
Ru
Sif Muna
Vehumet
Wu Jian
Xom
Yredelemnul
Zin
The Shining One

Annotations:
D:4 1 runed translucent door, Fenet's ghost, amateur GrEE
D:5 2 runed translucent doors, Blork the orc; Nattfarinn's ghost, novice OpTm
D:6 2 transporters


Innate Abilities, Weirdness & Mutations

You have a pair of antennae on your head.
You are completely covered in rugged brown scales. (AC +3, +7% HP)


Message History

The hound is severely wounded.
The hound bites you but does no damage.
You miss the hound.
The hound is severely wounded.
The hound bites you but does no damage.
You hit the hound.
The hound is severely wounded.
The hound bites you.
A bullfrog comes into view.
The bullfrog gives a loud, deep croak!
You punch the hound!
You kill the hound!
You hit the ogre.
The ogre is lightly wounded.
The ogre hits you with a +0 giant club!
You hit the ogre.
The ogre is moderately wounded.
The ogre hits you with a +0 giant club!
You punch the ogre!
The ogre is severely wounded.
You completely miss the ogre.
The ogre is severely wounded.
The ogre hits you with a +0 giant club!
* * * LOW HITPOINT WARNING * * *
You barely miss the ogre.
The ogre is severely wounded.
The ogre hits you with a +0 giant club!
* * * LOW HITPOINT WARNING * * *
The bullfrog hits you but does no damage.
You hit the ogre but do no damage.
The ogre is severely wounded.
The bullfrog closely misses you.
You hit the ogre.
The ogre is severely wounded.
The bullfrog barely misses you. The ogre hits you but does no damage.
You closely miss the ogre.
The ogre is severely wounded.
The bullfrog hits you but does no damage.
The ogre hits you with a +0 giant club!
You die...

##...###....####...# ###.
#.....#...#.......###.....
........#.............#
..........#.....#..####
.......##...###.....## .
#......##.### ####...##...
#.....{..B# #.#......
.......##O# #......#..
....... #@# #......#
....... #F# #......#{
......# #.# #......# . #.#
#......# ... #......# ...
######## ... .(...


You could see an ogre, a bullfrog and a worker ant.

Vanquished Creatures
  Duvessa (D:5)
  A sky beast (D:5)
  2 ogres
  A centaur (D:6)
  Dowan (D:5)
  A centaur zombie (D:5)
  2 hounds
  An orc priest (D:3)
  Jessica (D:3)
  Ijyb (D:3)
  2 orc wizards
  2 worker ants
  A killer bee zombie (D:5)
  5 adders
  A white imp (D:5)
  An ooze (D:1)
  4 worms
  2 leopard geckos
  8 orcs
  3 giant cockroaches
  8 goblins
  7 hobgoblins
  2 jackals (D:3)
  A quokka (D:5)
  9 bats
  3 frilled lizards
  6 kobolds
  A quokka zombie (D:5)
  3 rats
81 creatures vanquished.

Notes
Turn   | Place    | Note
-------+----------+-------------------------------------------
     0 | D:1      | ReteAZ the Demonspawn Gladiator began the quest for the
                  | Orb.
     0 | D:1      | Reached XP level 1. HP: 16/16 MP: 1/1
   317 | D:1      | Reached skill level 3 in Unarmed Combat
   540 | D:1      | Gained mutation: You are partially covered in rugged brown
                  | scales. (AC +1, +3% HP) [demonic ancestry]
   540 | D:1      | Reached XP level 2. HP: 13/22 MP: 2/2
  1588 | D:2      | Gained mutation: You are mostly covered in rugged brown
                  | scales. (AC +2, +5% HP) [demonic ancestry]
  1588 | D:2      | Reached XP level 3. HP: 22/28 MP: 3/3
  1686 | D:2      | Reached skill level 4 in Unarmed Combat
  2483 | D:2      | Found a shimmering altar of Xom.
  2485 | D:2      | Found a basalt altar of Yredelemnul.
  2485 | D:2      | Found a stormy altar of Qazlal.
  2487 | D:2      | Found a blossoming altar of Fedhas.
  2487 | D:2      | Found a basalt altar of Yredelemnul.
  2487 | D:2      | Found a basalt altar of Yredelemnul.
  3012 | D:3      | Gained mutation: You are completely covered in rugged brown
                  | scales. (AC +3, +7% HP) [demonic ancestry]
  3012 | D:3      | Reached XP level 4. HP: 21/35 MP: 4/4
  3184 | D:3      | Noticed Ijyb
  3260 | D:3      | Killed Ijyb
  3261 | D:3      | Reached skill level 5 in Unarmed Combat
  3629 | D:3      | Noticed Jessica
  3635 | D:3      | Killed Jessica
  3636 | D:3      | Gained mutation: You have a pair of small antennae on your
                  | head. [demonic ancestry]
  3636 | D:3      | Reached XP level 5. HP: 28/40 MP: 5/5
  3880 | D:3      | Reached skill level 1 in Shields
  4084 | D:3      | Found a sparkling altar of Nemelex Xobeh.
  4598 | D:4      | Found a runed translucent door.
  4598 | D:4      | Noticed Fenet's ghost (amateur GrEE)
  5003 | D:4      | Reached XP level 6. HP: 40/47 MP: 6/6
  5518 | D:5      | Entered Level 5 of the Dungeon
  5800 | D:5      | Noticed Blork the orc
  6155 | D:5      | Reached skill level 6 in Unarmed Combat
  6159 | D:5      | Noticed a sky beast
  6230 | D:5      | Killed a sky beast
  6565 | D:5      | Gained mutation: You have a pair of antennae on your head.
                  | [demonic ancestry]
  6565 | D:5      | Reached XP level 7. HP: 49/53 MP: 7/7
  6707 | D:5      | Found an ornate altar of the Wu Jian Council.
  6793 | D:5      | Noticed Dowan
  6795 | D:5      | Noticed Duvessa
  6824 | D:5      | Killed Duvessa
  6846 | D:5      | Killed Dowan
  7090 | D:5      | Found a large runed translucent door.
  7090 | D:5      | Found a large runed translucent door.
  7090 | D:5      | Noticed Nattfarinn's ghost (novice OpTm)
  7194 | D:6      | Found a staircase to the Ecumenical Temple.
  7221 | D:6      | Reached skill level 7 in Unarmed Combat
  7263 | Temple   | Entered the Ecumenical Temple
  7380 | D:6      | Found a transporter.
  7391 | D:6      | Found a transporter.
  7590 | D:6      | HP: 2/53 [ogre/+0 giant club (7)]
  7593 | D:6      | Mangled by an ogre

Illustrated notes

Levels and vault maps discovered:
D:1:      arrival_zaba_pyramid, layout_loops_corners, st_stairs_12
D:2:      layout_basic, doesnt_xom_only_xom
D:3:      layout_basic, nemelex_altar_shiori, minmay_cupped, uniq_ijyb,
          uniq_jessica
D:4:      layout_basic, gammafunk_ghost_grave, minmay_misc_feat_diagonals
D:5:      layout_loops_ring, kennysheep_mini_moat, ebering_ghost_disaster_area,
          minmay_door_square, wad_rectangle_vault, uniq_duvessa,
          uniq_blork_the_orc
D:6:      gammafunk_steamed_eel, layout_rooms, lemuel_coloured_pillars_altar,
          temple_doors_e, uniq_edmund
Temple:   eino_wide_crystal_templ

Skill      XL: |  1  2  3  4  5  6  7 |
---------------+----------------------+-----
Unarmed Combat | 3 4 5 6 7 |  7.6
Shields        | 2 3 4 |  4.0
Fighting       | |  2.0
Throwing       | |  1.7
Dodging        | |  2.6

Action                   |  1- 3 |  4- 6 |  7- 9 || total
-------------------------+-------+-------+-------++-------
Melee: Unarmed           |   158 |   289 |    89 ||   536
       Punch             |     1 |       |       ||     1
Throw: Throwing net      |       |     2 |       ||     2
  Use: Potion            |     2 |       |       ||     2
 Stab: Held in net/web   |       |     2 |       ||     2
Armor: Leather armour    |    12 |       |       ||    12
       Scale mail        |    50 |    14 |       ||    64
       Chain mail        |       |   138 |    35 ||   173
Dodge: Dodged            |    66 |    94 |    20 ||   180
Block: Buckler           |     7 |    48 |    18 ||    73

Table legend: (Time is in decaauts)
 A = Elapsed time spent in this place.
 B = Non-inter-level travel time spent in this place.
 C = Inter-level travel time spent in this place.
 D = Time resting spent in this place.
 E = Time spent auto-exploring this place.
 F = Levels seen in this place.
 G = Mean time per level.
                   A        B        C        D        E       F      G
               +--------+--------+--------+--------+--------+-----+--------+
         Total |   7565 |   7260 |    305 |    464 |   5657 |   7 | 1080.7 |
       Dungeon |   7463 |   7174 |    289 |    464 |   5572 |   6 | 1243.8 |
        Temple |    101 |     86 |     15 |      0 |     85 |   1 |  101.0 |
               +--------+--------+--------+--------+--------+-----+--------+

Top non-repeatable levels by time:
     D:3: 1691 daAuts
     D:2: 1512 daAuts
     D:1: 1385 daAuts
     D:5: 1337 daAuts
     D:4: 1193 daAuts
     D:6: 342 daAuts
  Temple: 101 daAuts
